Map: Goldenaura LE

Players

Subwayeatn

  • Race: Zerg Zerg
  • League: Gold
  • Spawn Location: 12:00

ZXcV - Winner!

  • Race: Terran Terran
  • League: Gold
  • Spawn Location: 5:00

VOD

Have the link to the VOD?

Description

Time

  • Played on: Oct. 16, 2023, 10:34 p.m.
  • Length: 9:56
Show
View Real Time Build Order
Export as new Build Order

Subwayeatn Zerg 

Build Orders: Hatch First 

Get SALT Encoding   

  12  0:00  Drone  
  13  0:13  Overlord  
  13  0:18  Drone  
  14  0:31  Drone x2  
  16  0:52  Hatchery  
  16  0:56  Drone  
  16  0:58  Drone  
  16  0:59  Drone  
  16  1:03  Extractor  
  17  1:19  Spawning Pool  
  17  1:23  Drone x2  
  18  1:28  Drone  
  19  1:39  Drone  
  20  1:50  Overlord  
  20  2:07  Queen x2  
  24  2:09  Metabolic Boost  
  24  2:11  Zergling x2  
  24  2:14  Zergling x2  
  25  2:18  Zergling x2  
  26  2:30  Drone x3  
  29  3:02  Drone  
  29  3:03  Drone x5, Roach Warren  
  34  3:34  Overlord  
  34  3:35  Overlord  
  34  3:40  Drone x2  
  34  3:52  Spine Crawler  
  33  3:56  Spine Crawler  
  33  4:01  Drone x5  
  37  4:04  Drone x6  
  37  4:08  Roach  
  43  4:33  Extractor  
  37  4:45  Drone x9  
  43  4:53  Overlord  
  43  4:57  Hatchery  
  42  5:02  Hatchery  
  42  5:03  Lair  
  41  5:09  Drone x3  
  41  5:10  Drone  
  41  5:11  Evolution Chamber  
  41  5:12  Evolution Chamber  
  43  5:22  Roach  
  43  5:23  Roach x3  
  51  5:35  Roach  
  51  5:36  Roach x4  
  56  5:52  Drone x2  
  56  5:54  Drone x2  
  60  6:00  Glial Reconstitution  
  60  6:02  Zerg Missile Weapons Level 1, Zerg Ground Armor Level 1  
  60  6:08  Overlord x4  
  60  6:11  Overseer  
  60  6:16  Queen  
  60  6:17  Queen  
  64  6:22  Drone  
  64  6:25  Extractor, Drone x3  
  67  6:26  Drone  
  67  6:27  Drone, Extractor  
  66  6:55  Zergling x10  
  66  6:57  Drone x5  
  66  6:58  Drone x5  
  81  7:06  Pneumatized Carapace, Hydralisk Den  
  81  7:08  Drone  
  81  7:09  Infestation Pit, Drone x3  
  73  7:29  Drone x4, Extractor x2  
  75  7:31  Drone x3  
  75  7:32  Drone x3  
  75  7:36  Muscular Augments  
  75  7:49  Roach  
  75  7:50  Roach x6  
  89  7:54  Hydralisk  
  91  8:04  Spore Crawler  
  90  8:13  Hydralisk  
  90  8:14  Hydralisk x2  
  90  8:16  Overlord x2  
  90  8:17  Overlord x3  
  95  8:34  Zergling x6  
  95  8:35  Zergling x34  
  95  8:40  Grooved Spines  
  109  8:46  Roach  
  109  8:47  Roach x7  
  91  9:05  Zergling x2, Roach  
  91  9:06  Zergling x2, Roach x2  
  91  9:07  Zergling x6, Roach  
  97  9:18  Extractor  
  97  9:19  Extractor  
  97  9:20  Zergling x2  
  97  9:21  Zergling x4  
Show
View Real Time Build Order
Export as new Build Order

ZXcV Terran - Winner!

Build Orders: Reaper Expand, Mech 

Get SALT Encoding   

  12  0:00  SCV  
  13  0:12  SCV  
  14  0:17  Supply Depot  
  14  0:24  SCV  
  15  0:39  SCV  
  15  0:40  Barracks  
  16  0:44  Refinery  
  16  0:51  SCV  
  17  1:03  SCV  
  18  1:15  SCV  
  19  1:28  Orbital Command, Reaper  
  20  1:40  Command Center  
  20  1:53  Supply Depot  
  20  2:13  SCV  
  21  2:20  Factory  
  21  2:21  Barracks Reactor  
  21  2:25  SCV  
  22  2:37  SCV  
  23  2:45  Refinery  
  23  2:49  SCV  
  24  2:56  Command Center  
  24  3:01  SCV  
  24  3:03  Orbital Command  
  25  3:11  Barracks Tech Lab  
  25  3:13  Hellion, SCV  
  25  3:14  Hellion  
  30  3:25  SCV  
  30  3:34  Supply Depot  
  30  3:35  Hellion x2  
  30  3:38  SCV  
  30  3:40  Factory  
  34  3:51  SCV x2  
  36  4:01  Hellion  
  36  4:02  Hellion  
  40  4:03  SCV x2  
  40  4:06  Supply Depot  
  42  4:10  SCV  
  42  4:15  SCV x2  
  45  4:20  Refinery  
  45  4:21  Refinery  
  45  4:22  SCV  
  45  4:29  SCV  
  41  4:43  Hellion x2  
  41  4:45  SCV x2  
  43  4:46  Infernal Pre-Igniter  
  43  4:48  Factory  
  43  4:49  Orbital Command  
  43  4:57  SCV x2  
  45  5:00  Supply Depot  
  45  5:06  Supply Depot x2  
  45  5:09  SCV x2  
  47  5:14  Cyclone  
  47  5:16  SCV  
  50  5:21  SCV x2  
  50  5:28  SCV  
  53  5:31  Barracks Tech Lab  
  53  5:34  SCV x2  
  53  5:35  Cyclone  
  57  5:40  SCV  
  57  5:42  Factory Tech Lab  
  58  5:46  Factory, SCV x2  
  54  5:52  SCV  
  53  5:58  Siege Tank, SCV x2  
  53  6:01  Siege Tank  
  53  6:02  Cyclone  
  64  6:11  SCV  
  64  6:15  Armory x2  
  64  6:19  Cyclone  
  66  6:31  Siege Tank  
  67  6:33  Siege Tank  
  67  6:34  Cyclone  
  67  6:47  Orbital Command  
  67  6:49  SCV x2  
  69  6:57  Cyclone, Factory  
  69  7:01  SCV  
  72  7:03  Siege Tank  
  72  7:05  Siege Tank, Supply Depot  
  72  7:06  Cyclone  
  80  7:12  SCV  
  80  7:13  SCV  
  82  7:24  SCV x2  
  82  7:27  Cyclone  
  88  7:30  Cyclone  
  88  7:35  Cyclone  
  90  7:37  Cyclone  
  90  7:43  Cyclone  
  94  7:45  SCV x3  
  97  7:59  Cyclone  
  97  8:00  Factory Reactor  
  97  8:02  Cyclone  
  97  8:03  Factory  
  101  8:07  Cyclone  
  101  8:10  Hellion  
  105  8:15  Hellion  
  105  8:18  Refinery  
  107  8:31  Cyclone  
  109  8:44  Cyclone x3, Supply Depot  
  109  8:45  Supply Depot  
  115  8:53  Cyclone  
  115  8:55  Factory Tech Lab  
  117  8:56  Refinery  
  117  9:00  Hellion  
  117  9:01  Hellion  
  113  9:03  Cyclone  
  112  9:15  Supply Depot  
  112  9:16  Cyclone  
  118  9:17  Hellion x2  
  118  9:21  Cyclone  
  118  9:22  Hellion  
  118  9:23  Command Center  
  122  9:26  Hellion  
Tags
 
Composition
Mech
League
GoldGold
Matchup
TvZ
Replay Pack
Multiplayer
Spawn Locations
Cross Positions
Add a new tag
Caveats
  • Supply blocks, unpowered buildings, or Contaminate may cause inaccurate times.
  • Supply counts are checked every 10 seconds.